 Dungeon Crawl Stone Soup version 0.27-a0-1193-g8631133539 (webtiles) character file.

Game seed: 6578398157871684582

452 spiderkeys the Conjurer (level 7, -8/41 HPs)
             Began as an Octopode Conjurer on May 27, 2021.
             Killed by divine providence
             ... invoked by an orc priest
              (11 damage)
             ... on level 3 of the Dungeon.
             The game lasted 00:05:50 (3838 turns).

spiderkeys the Conjurer (Octopode Conjurer)         Turns: 3838, Time: 00:05:51

Health: -8/41      AC:  2    Str:  6    XL:     7   Next: 4%
Magic:  0/13       EV: 13    Int: 23    God:
Gold:   167        SH:  0    Dex: 10    Spells: 11/14 levels left

rFire    + . .     SeeInvis .   j - +0 short sword
rCold    . . .     Faith    .   (no shield)
rNeg     . . .     Spirit   .   e - +1 hat
rPois    .         Reflect  .   (no amulet)
rElec    .         Harm     .   F - ring of protection from fire
rCorr    .         Rampage  .   (no ring)
Will     .....                  (no ring)
Stlth    +++.......             (no ring)
HPRegen  0.13/turn              (no ring)
MPRegen  0.13/turn              (no ring)
                                (no ring)
                                (no ring)

@: no status effects
A: almost no armour, amphibious, 8 rings, camouflage 1, gelatinous body 1,
(nimble swimmer 1), tentacles
a: no special abilities


You were on level 3 of the Dungeon.
You visited 1 branch of the dungeon, and saw 4 of its levels.

You collected 167 gold pieces.


Innate Abilities, Weirdness & Mutations

You cannot wear most types of armour.
You are amphibious.
You can wear up to eight rings at the same time.
Your skin changes colour to match your surroundings (Stealth+).
Your rubbery body absorbs attacks. (AC +1, EV +1)
((You are camouflaged near water. (Stealth+)))
You have tentacles for arms and can constrict up to eight enemies at once.


   Skills:
 - Level 2.0 Dodging
 - Level 2.6 Stealth
 + Level 4.1 Spellcasting
 * Level 7.1 Conjurations


You had 11 spell levels left.
You knew the following spells:

 Your Spells              Type           Power      Damage    Failure   Level
m - Magic Dart            Conj           100%       1d8       1%          1
s - Searing Ray           Conj           74%        3d6       1%          2

Your spell library contained the following spells:

 Spells                   Type           Power      Damage    Failure   Level
 Dazzling Flash           Conj/Hex       42%        N/A       7%          3
 Summon Small Mammal      Summ           16%        N/A       11%         1
 Call Imp                 Summ           4%         N/A       16%         2
 Fulminant Prism          Conj/Hex       10%        3d9       24%         4
 Iskenderun's Mystic Bla  Conj/Tloc      21%        2d6       24%         4
 Call Canine Familiar     Summ           4%         N/A       30%         3
 Summon Guardian Golem    Hex/Summ       4%         N/A       30%         3
 Summon Ice Beast         Ice/Summ       4%         N/A       71%         4
 Summon Lightning Spire   Summ/Air       4%         N/A       71%         4

Inventory:

Hand Weapons
 j - a +0 short sword (weapon)
   (You took it off a kobold on level 1 of the Dungeon)
Missiles
 b - 118 stones
 d - 40 bolts
 g - 15 sling bullets
 h - 6 boomerangs
Armour
 e - a +1 hat (worn)
   (You found it on level 2 of the Dungeon)
Jewellery
 F - a ring of protection from fire (left tentacle)
   (You found it on level 1 of the Dungeon)
Scrolls
 f - a scroll of vulnerability {unknown}
 k - a scroll of fog {unknown}
 l - a scroll of teleportation {unknown}
Potions
 a - 2 potions of resistance {unknown}
 c - a potion of invisibility {unknown}
 i - 3 potions of curing {unknown}

Dungeon Overview and Level Annotations

Branches:
Dungeon (4/15)
 Temple: D:4-7

Altars:
Sif Muna

Shops:
D:1

[ ##. #....### ####... ### #..
#.##...# #...... ..
#.#########.##...# #...... #.#
#.#.........##...# #......
##.####.......######.######......
>.......)........................
.............)..o................
...########..#.#o###.))..........
..o# #.<#..@..'............. ...#
#.####.###........)....
..o########.# #.# #.............
...o.oo..##+# #.# #....รท.......#
...##oo... #.# ####...##....#
...# .... #.# #...##....# ...#
... ... ..########........ ##.#
...#####.............. #.#####
#......# #..............


You could see 2 orc priests.


Message History

You lost 1 mp, and now have 10/11 mp.
The magic dart hits the orc.
You kill the orc! ๐Ÿ˜Ž MP[-1]
You lost 1 mp, and now have 9/11 mp.
Things that are here:
a +0 club; an orc corpse; ๐Ÿ˜Ž MP[+2]
Your mp is fully restored (11).
An orc warrior is nearby!
The magic dart hits the orc warrior. ๐Ÿ˜Ž MP[-1]
You lost 1 mp, and now have 10/11 mp. ๐Ÿ˜Ž MP[+1]
Your mp is fully restored (11).
You see here a +0 halberd.
Casting: Magic Dart (safe; 1% risk of failure)
Confirm with . or Enter, or press ? or * to list all spells.
Aiming: Searing Ray (safe; 1% risk of failure)
Press: ? - help, Shift-Dir - straight line, f/p - orc warrior
Aim: an orc warrior, wielding a +0 scimitar and wearing a +0 chain mail (lightly wounded, 78% to hit)
The searing ray hits the orc warrior but does no damage. (Press . to maintain the ray.) ๐Ÿ˜Ž MP[-2]
You lost 2 mp, and now have 9/11 mp.
The searing ray hits the orc warrior. ๐Ÿ˜Ž MP[-1]
You lost 1 mp, and now have 8/11 mp.
The searing ray hits the orc warrior.
The orc warrior barely misses you. ๐Ÿ˜Ž MP[-1]
You lost 1 mp, and now have 7/11 mp.
The searing ray hits the orc warrior.
You finish channeling your searing ray.
The orc warrior misses you. ๐Ÿ˜Ž MP[-1]
You lost 1 mp, and now have 6/11 mp.
The orc priest shouts!
The orc warrior hits you with a +0 scimitar. ๐Ÿ˜• HP[-6]
You take 6 damage, and now have 30/36 hp.
Casting: Searing Ray (safe; 1% risk of failure)
Confirm with . or Enter, or press ? or * to list all spells.
Aiming: Searing Ray (safe; 1% risk of failure)
Press: ? - help, Shift-Dir - straight line, f/p - orc warrior
Aim: an orc warrior, wielding a +0 scimitar and wearing a +0 chain mail (severely wounded, 78% to hit)
The searing ray hits the orc warrior but does no damage.
The searing ray misses the orc priest. (Press . to maintain the ray.)
The orc shouts!
The orc warrior hits you with a +0 scimitar!
* * * LOW HITPOINT WARNING * * *
๐Ÿ˜จ HP[-14] MP[-2]
You take 14 damage, and now have 16/36 hp.
MASSIVE DAMAGE!! (PAUSE)
You lost 2 mp, and now have 4/11 mp.
The searing ray hits the orc warrior!
You kill the orc warrior!
The searing ray hits the orc priest but does no damage.
The searing ray hits the orc!
You kill the orc!
The orc priest begins to cast a cantrip, but forgets the words!
Your Spellcasting skill increases to level 4!
Your Conjurations skill increases to level 7!
You have reached level 7! ๐Ÿ˜จ HP[+2] MP[-1]
You now have 41 max hp (+5).
You regained 2 hp, and now have 18/41 hp.
The searing ray hits the orc priest.
The searing ray hits the orc priest!
The searing ray hits the orc priest.
You finish channeling your searing ray.
The orc priest closely misses you. ๐Ÿ˜จ MP[-1]
You lost 1 mp, and now have 2/13 mp.
Casting: Searing Ray (safe; 1% risk of failure)
Confirm with . or Enter, or press ? or * to list all spells.
Okay, then.
The orc priest invokes the aid of Beogh against you.
Beogh smites you!
* * * LOW HITPOINT WARNING * * *
๐Ÿ˜ฑ HP[-13]
You take 13 damage, and now have 5/41 hp.
MASSIVE DAMAGE!! (PAUSE)
The orc priest calls upon Beogh to heal the orc priest.
The orc priest is healed somewhat. ๐Ÿ˜ฑ HP[+1]
Casting: Searing Ray (safe; 1% risk of failure)
Confirm with . or Enter, or press ? or * to list all spells.
Aiming: Searing Ray (safe; 1% risk of failure)
Press: ? - help, Shift-Dir - straight line, f - orc priest
Aim: an orc priest, wielding a +0 dagger and wearing a +0 leather armour (moderately wounded, 81% to hit)
The searing ray hits the orc priest!
The searing ray hits the orc priest. (Press . to maintain the ray.)
The orc priest hits you with a +0 dagger.
* * * LOW HITPOINT WARNING * * *
๐Ÿ˜ฑ HP[-3] MP[-2]
You take 3 damage, and now have 3/41 hp.
You lost 2 mp, and now have 0/13 mp.
Without enough magic to sustain it, your searing ray dissipates.
The orc priest calls upon Beogh to heal the orc priest.
The orc priest is healed somewhat.
The orc priest invokes the aid of Beogh against you.
Beogh smites you!
You die...

Skill      XL: |  1  2  3  4  5  6 |
---------------+-------------------+-----
Conjurations   | 5 6 7 |  7.1
Spellcasting   | 3 4 |  4.1
Dodging        | |  2.0
Stealth        | |  2.6

Action                   |  1- 3 |  4- 6 |  7- 9 || total
-------------------------+-------+-------+-------++-------
Melee: Unarmed           |    13 |       |       ||    13
       Constrict         |     4 |       |       ||     4
       Tentacles         |     1 |       |       ||     1
       Short sword       |     9 |       |       ||     9
 Cast: Magic Dart        |    66 |    38 |       ||   104
       Searing Ray       |     3 |    10 |     1 ||    14
  Use: Scroll            |     4 |     1 |       ||     5
 Stab: Sleeping          |     1 |       |       ||     1
Armor: Skin              |     1 |     2 |       ||     3
Dodge: Dodged            |    19 |    12 |     1 ||    32

Levels and vault maps discovered:
D:1:      matt_arrival_spirals, layout_loops_ring,
          ebering_ecumenical_altar_hall, serial_shops, shop
D:2:      cheibrodos_helix_gallery, layout_loops_ring, grunt_ministairs_2
D:3:      layout_basic, uniq_jessica
D:4:      layout_basic, lemuel_doored_altar, minmay_temple_entry_wispy,
          minmay_goblin_outpost, uniq_pikel, uniq_ijyb

Notes
Turn   | Place    | Note
-------+----------+-------------------------------------------
     0 | D:1      | spiderkeys the Octopode Conjurer began the quest for the
                  | Orb.
     0 | D:1      | Reached XP level 1. HP: 11/11 MP: 3/3
     0 | D:1      | magus.rc [v1.9.10]
    65 | D:1      | Found a faded altar of an unknown god.
   184 | D:1      | Found Qiczor's Antique Armour Shoppe.
   363 | D:1      | Reached XP level 2. HP: 17/17 MP: 3/5
   397 | D:1      | Learned a level 2 spell: Searing Ray
   608 | D:1      | You pick up a book of Callings and begin reading...
   608 | D:1      | You add the spells Summon Small Mammal, Call Imp, Call
                  | Canine Familiar, Summon Guardian Golem, Summon Lightning
                  | Spire and Summon Ice Beast to your library.
  1016 | D:1      | Reached XP level 3. HP: 21/21 MP: 3/6
  1972 | D:2      | Reached skill level 5 in Conjurations
  2236 | D:3      | Reached XP level 4. HP: 27/27 MP: 3/8
  2442 | D:3      | Noticed Jessica
  2460 | D:3      | Killed Jessica
  2461 | D:3      | Reached skill level 3 in Spellcasting
  2555 | D:3      | Reached XP level 5. HP: 31/31 MP: 5/9
  2641 | D:3      | Noticed an orc warrior
  2645 | D:3      | HP: 4/31 [gnoll/+0 halberd (7)]
  3087 | D:4      | Noticed a black bear
  3090 | D:4      | Noticed an ogre
  3099 | D:4      | HP: 7/31 [black bear (4)]
  3100 | D:4      | Killed a black bear
  3101 | D:4      | Reached skill level 6 in Conjurations
  3101 | D:4      | Reached XP level 6. HP: 8/36 MP: 0/11
  3377 | D:4      | HP: 9/36 [ogre/+0 giant club (20)]
  3638 | D:4      | Found a shimmering blue altar of Sif Muna.
  3832 | D:3      | Killed an orc warrior
  3833 | D:3      | Reached skill level 4 in Spellcasting
  3833 | D:3      | Reached skill level 7 in Conjurations
  3833 | D:3      | Reached XP level 7. HP: 18/41 MP: 3/13
  3835 | D:3      | HP: 5/41 [orc priest/divine providence (13)]
  3838 | D:3      | Killed from afar by an orc priest

Vanquished Creatures
  A black bear (D:4)
  An orc warrior (D:3)
  An ogre (D:4)
  Jessica (D:3)
  An iguana (D:4)
  2 gnolls (D:3)
  5 adders
  A worm (D:2)
  A dart slug (D:2)
  2 orcs (D:3)
  8 ball pythons
  7 endoplasms
  3 giant cockroaches
  4 goblins
  4 hobgoblins
  4 jackals (D:1)
  A quokka (D:3)
  5 bats
  3 frilled lizards
  3 kobolds
  8 rats
66 creatures vanquished.

Table legend:
 A = Non-vault XP
 B = Vault XP
 C = Vault XP percentage of total XP
 D = Non-vault monster count
 E = Vault monster count
 F = Vault count percentage of total count
                 A         B        C        D         E       F
            +---------+---------+-------+---------+---------+-------
      Total |     594 |      52 |   8.0 |      62 |       4 |   6.1
            +---------+---------+-------+---------+---------+-------
        D:1 |      34 |       0 |   0.0 |      23 |       0 |   0.0
        D:2 |      30 |      15 |  33.3 |      14 |       3 |  17.6
        D:3 |     238 |      37 |  13.5 |      21 |       1 |   4.5
        D:4 |     292 |       0 |   0.0 |       4 |       0 |   0.0
            +---------+---------+-------+---------+---------+-------

Illustrated notes

Table legend:
 A = Kills in this place as a percentage of kills in entire the game.
 B = Kills by you in this place as a percentage of kills by you in the entire game.
 C = Kills by friends in this place as a percentage of kills by friends in the entire game.
 D = Other kills in this place as a percentage of other kills in the entire game.
 E = Experience gained in this place as a percentage of experience gained in the entire game.
 F = Experience gained in this place divided by the number of levels of this place that you have seen.
                   A       B       C       D       E      F
               +-------+-------+-------+-------+-------+----------------------
         Total | 100.0 | 100.0 |   N/A |   N/A | 100.0 | 161.5
       Dungeon | 100.0 | 100.0 |   N/A |   N/A | 100.0 | 161.5
               +-------+-------+-------+-------+-------+----------------------

Table legend: (Time is in decaauts)
 A = Elapsed time spent in this place.
 B = Non-inter-level travel time spent in this place.
 C = Inter-level travel time spent in this place.
 D = Time resting spent in this place.
 E = Time spent auto-exploring this place.
 F = Levels seen in this place.
 G = Mean time per level.
                   A        B        C        D        E       F      G
               +--------+--------+--------+--------+--------+-----+--------+
         Total |   3837 |   3805 |     32 |    592 |   2590 |   4 |  959.2 |
       Dungeon |   3837 |   3805 |     32 |    592 |   2590 |   4 |  959.2 |
               +--------+--------+--------+--------+--------+-----+--------+

Top non-repeatable levels by time:
     D:1: 1179 daAuts
     D:2: 1046 daAuts
     D:4: 994 daAuts
     D:3: 617 daAuts
